 Dungeon Crawl Stone Soup version 0.28-a0-1505-g8c907de6ad (webtiles) character file.

Game seed: 6104089247151894300

76286 tilp the Gelid (level 15, -2/69 HPs)
             Began as a Felid Ice Elementalist on Jan 13, 2022.
             Was a High Priest of Sif Muna.
             Killed from afar by an eleionoma (24 damage)
             ... with a spray of wooden splinters
             ... on level 2 of the Swamp.
             The game lasted 01:59:21 (57811 turns).

tilp the Gelid (Felid Ice Elementalist)            Turns: 57811, Time: 01:59:21

Health: -2/69      AC:  3    Str:  4    XL:     15   Next: 12%
Magic:  29/38      EV: 23    Int: 24    God:    Sif Muna [*****.]
Gold:   2390       SH:  0    Dex: 17    Spells: 6/32 levels left
                                        Lives:  0   Deaths: 2

rFire   . . .      SeeInvis +     - Unarmed
rCold   + . .      Faith    +   (shield unavailable)
rNeg    . . .      Spirit   .   (armour unavailable)
rPois   +          Reflect  .   (helmet unavailable)
rElec   .          Harm     .   (cloak unavailable)
rCorr   .          Rampage  .   (gloves unavailable)
Will    ++...                   (boots unavailable)
Stlth   +++.......              r - amulet of faith
HPRegen 0.21/turn               I - ring of poison resistance
MPRegen 0.26/turn               H - ring of magical power

@: very slow
A: very small, claws 1, fangs 3, see invisible, speed 1, shaggy fur 3, stealthy
paws, no weapons or thrown items, no armour, multi-lived
a: Renounce Religion, Channel Magic, Forget Spell, Divine Exegesis


You were on level 2 of the Swamp.
You worshipped Sif Muna.
Sif Muna was extremely pleased with you.
You visited 4 branches of the dungeon, and saw 27 of its levels.
You also visited: Sewer and Gauntlet.

You collected 2474 gold pieces.
You spent 84 gold pieces at shops.

Inventory:

Jewellery
 a - a ring of flight
 d - a +4 ring of evasion
 p - a ring of ice
 r - an amulet of faith (around neck)
 w - a ring of ice
 G - an amulet of magic regeneration
 H - a ring of magical power (right paw)
 I - a ring of poison resistance (left paw)
 P - a ring of positive energy
 R - an amulet of the acrobat
Wands
 k - a wand of mindburst (7)
 u - a wand of flame (51)
 B - a wand of paralysis (12)
 L - a wand of polymorph (11)
 M - a wand of iceblast (9)
 O - a wand of charming (4)
 Q - a wand of acid (11)
Scrolls
 l - 3 scrolls of summoning
 m - 5 scrolls of holy word
 o - 6 scrolls of blinking
 q - 3 scrolls of magic mapping
 s - 4 scrolls of teleportation
 v - a scroll of vulnerability
 x - 4 scrolls of fog
 D - a scroll of fear
 E - 9 scrolls of identify
 J - 3 scrolls of amnesia
 K - a scroll of torment
 S - a scroll of immolation
Potions
 b - 5 potions of brilliance
 c - 6 potions of haste
 e - 14 potions of curing
 f - 8 potions of lignification
 g - 5 potions of heal wounds
 h - 10 potions of might
 i - 3 potions of resistance
 j - a potion of magic
 n - 4 potions of flight
 t - 4 potions of mutation
 z - 2 potions of attraction
 C - 13 potions of ambrosia
Miscellaneous
 y - a condenser vane (inert)
 A - a piece from Xom's chessboard (15/15)
 F - a phial of floods
 N - a lightning rod (4/4)


   Skills:
 + Level 10.0 Fighting
 + Level 10.0 Dodging
 + Level 12.0 Stealth
 + Level 8.0 Unarmed Combat
 - Level 9.0 Spellcasting
 - Level 12.0 Conjurations
 - Level 4.0 Hexes
 - Level 8.0 Translocations
 - Level 15.0 Ice Magic
 - Level 6.0 Air Magic
 + Level 8.0 Invocations
 + Level 8.0 Evocations


You had 6 spell levels left.
You knew the following spells:

 Your Spells              Type           Power      Damage    Failure   Level
a - Freeze                Ice            100%       1d11      0%          1
b - Frozen Ramparts       Ice            100%       1d12      1%          3
c - Ozocubu's Armour      Ice            70%        N/A       1%          3
d - Hailstorm             Conj/Ice       66%        3d14      1%          4
e - Freezing Cloud        Conj/Ice/Air   29%        6-21      1%          5
f - Apportation           Tloc           98%        N/A       1%          1
g - Iskenderun's Mystic   Conj/Tloc      56%        2d12      1%          4
h - Metabolic Englaciati  Hex/Ice        27%        N/A       3%          5

Your spell library contained the following spells:

 Spells                   Type           Power      Damage    Failure   Level
 Magic Dart               Conj           100%       1d8       1%          1
 Shock                    Conj/Air       100%       1d9       1%          1
 Static Discharge         Conj/Air       52%        N/A       1%          2
 Conjure Flame            Conj/Fire      39%        6-21      1%          3
 Dazzling Flash           Conj/Hex       98%        N/A       1%          3
 Gell's Gravitas          Tloc           49%        N/A       1%          3
 Mephitic Cloud           Conj/Pois/Air  39%        N/A       1%          3
 Swiftness                Air            39%        N/A       1%          3
 Teleport Other           Tloc           49%        N/A       1%          3
 Fulminant Prism          Conj/Hex       24%        3d13      2%          4
 Ice Form                 Ice/Tmut       46%        N/A       2%          4
 Summon Ice Beast         Ice/Summ       46%        N/A       2%          4
 Airstrike                Air            19%        N/A       4%          4
 Sticky Flame             Conj/Fire      39%        2d6       4%          4
 Lightning Bolt           Conj/Air       26%        1d42      4%          5
 Sting                    Tmut/Pois      40%        1d5       6%          1
 Inner Flame              Hex/Fire       20%        N/A       8%          3
 Summon Guardian Golem    Hex/Summ       20%        N/A       8%          3
 Call Imp                 Summ           10%        N/A       9%          2
 Scorch                   Fire           20%        2d6       9%          2
 Cause Fear               Hex            15%        N/A       11%         4
 Irradiate                Conj/Tmut      19%        3d20      14%         5
 Ignite Poison            Fire/Tmut/Pois 10%        N/A       17%         3
 Spider Form              Tmut/Pois      10%        N/A       17%         3
 Vampiric Draining        Necr           10%        2d6       17%         3
 Summon Lightning Spire   Summ/Air       25%        N/A       17%         4
 Conjure Ball Lightning   Conj/Air       26%        3x3d7     22%         6
 Dispersal                Tloc           24%        N/A       32%         6
 Simulacrum               Ice/Necr       23%        N/A       38%         6
 Dispel Undead            Necr           10%        3d9       50%         4
 Petrify                  Tmut/Erth      10%        N/A       50%         4
 Starburst                Conj/Fire      19%        6d7       58%         6
 Alistair's Intoxication  Tmut/Pois      6%         N/A       85%         5
 Blade Hands              Tmut           5%         N/A       85%         5
 Lee's Rapid Deconstruct  Erth           5%         3d7*      85%         5
 Statue Form              Tmut/Erth      6%         N/A       100%        6
 Haunt                    Necr/Summ      5%         N/A       100%        7
 Storm Form               Tmut/Air       12%        N/A       100%        7
 Discord                  Hex            15%        N/A       100%        8
 Disjunction              Tloc           24%        N/A       100%        8
 Maxwell's Capacitive Co  Air            19%        ∞         100%        8
 Chain Lightning          Conj/Air       26%        3d34      100%        9
 Fire Storm               Conj/Fire      19%        8d5       100%        9


Dungeon Overview and Level Annotations

Branches:
Dungeon (15/15)            Temple (0/1) D:7            Lair (6/6) D:9
  Swamp (3/4) Lair:2       Spider (3/4) Lair:4        Slime (0/5) Lair:5
    Orc (0/2) D:9          Vaults (0/5) D:14         Depths (0/4) D:15
  Sewer (visited)         Gauntlet (visited)

Altars:
Ashenzari
Cheibriados
Dithmenos
Elyvilon
Fedhas
Gozag
Hepliaklqana
Kikubaaqudgha
Nemelex Xobeh
Qazlal
Sif Muna
Vehumet
Wu Jian
Yredelemnul
The Shining One

Shops:
D:9 *

Annotations:
Lair:6 1 runed translucent door (ice dragon)
Spider:3 Agnes


Innate Abilities, Weirdness & Mutations

You have sharp claws.
You have razor-sharp teeth.
You have supernaturally acute eyesight. (SInv)
You cover ground quickly. (Speed+)
Your thick and shaggy fur keeps you warm. (AC +3, rC+)
Your paws help you pounce on unaware monsters.
You are incapable of wielding weapons or throwing items.
You cannot wear armour.
You gain extra lives every three experience levels.


Message History

There is a stone staircase leading down here.
Unknown command.
The eleionoma hits you!
Unknown command.
The eleionoma hurls a spray of splinters at you.
The spray of wooden splinters hits you!!
* * * LOW HITPOINT WARNING * * *
You enter the shallow water.
Moving in this stuff is going to be slow.
The eleionoma flows through the trees.
The eleionoma splashes around in the water.
Saving game... please wait.
Welcome back, tilp the Felid Ice Elementalist.
Sif Muna whispers: I know many secrets...
Press ? for a list of commands and other information.
Cast which spell? (? or * to list)
Okay, then.
Unknown command.
Attack: -) Teeth and claws
Press: ? - help, Dir - move target, f - eleionoma
Aim: an eleionoma (about 29% to evade your paws)
Okay, then.
Aiming: Paralyse
Press: ? - help, Shift-Dir - straight line, f - eleionoma
Aim: an eleionoma (chance to affect: 8%)
Okay, then.
Unknown command.
Attack: -) Teeth and claws
Press: ? - help, Dir - move target, f - eleionoma
Aim: an eleionoma (about 29% to evade your paws)
Okay, then.
Unknown command.
You feel less invigorated.
Unknown command.
Clouds of freezing vapour condense around you!
The condenser dries out!
The eleionoma is engulfed in freezing vapours.
The eleionoma hurls a spray of splinters at you.
The spray of wooden splinters hits you!!
You die...

♣♣♣♣.≈.....≈♣♣♣♣ ♣♣♣ ♣
♣♣.♣≈...≈≈♣♣♣♣ ♣♣♣ ♣≈♣ ♣
♣.≈....♣≈≈≈♣♣♣ ♣≈♣ ♣♣♣≈♣ ♣♣
♣♣≈...♣≈≈≈≈≈≈♣♣♣.♣♣♣..♣♣ ♣♣♣≈
♣..≈.≈≈≈≈≈≈≈≈♣♣>♣.≈.≈.♣ ♣)≈≈
♣♣...≈≈≈≈≈≈≈♣♣♣.♣≈§♣≈.♣ ♣.≈.
♣.≈...♣≈≈≈≈.§§§♣♣.≈≈.♣ ♣..≈
♣♣.♣♣.♣≈≈♣>.§R§♣♣.≈≈≈♣ ♣...
♣♣♣.≈.♣♣♣♣≈@§§♣♣♣.§≈♣♣ ♣≈♣.
♣..♣♣ ♣≈≈≈.♣ ♣≈...♣ ♣≈♣. ♣.♣♣
♣.≈≈.♣♣♣≈.≈♣♣ ♣♣.≈. ♣♣♣♣.♣
♣♣.≈≈≈.♣♣≈...♣♣♣..≈≈ ♣.♣..♣
♣.≈≈[.#♣.≈§≈≈).♣.≈≈♣ ♣♣..♣.♣
♣♣≈♣...##.....♣...≈≈≈ ♣.♣≈♣≈♣
♣...≈.[##........≈..≈
♣♣.≈.≈♣♣♣♣.<..≈.#.####..).≈§≈≈
♣.≈≈§...≈...[..#..###...≈.≈..


You could see an eleionoma.

Vanquished Creatures
  Nikola (Spider:1)
  Rupert (D:14)
  Frances (Swamp:1)
  A fenstrider witch (Swamp:1)
  An emperor scorpion (Spider:2)
  A ghost moth (Spider:1)
  A ghost moth (shapeshifter) (D:15)
  3 ghouls (Swamp:1)
  A broodmother (Spider:2)
  A bunyip (Swamp:2)
  An entropy weaver (Spider:2)
  A minotaur (Gauntlet)
  An ettin (shapeshifter) (D:14)
  An ettin (D:15)
  Harold (D:8)
  A vault guard (D:14)
  15 hydras
  2 boulder beetles
  2 ghost crabs
  4 catoblepae
  6 centaur warriors
  2 anacondas (Lair:6)
  A death knight (D:15)
  2 two-headed ogres
  Erica (Lair:1)
  The ghost of Pukecob the Thaumaturge, a journeyman DECj of Vehumet (Lair:3)
  6 alligators
  A tengu warrior (D:15)
  10 death yaks
  5 pharaoh ants
  3 deep trolls (D:15)
  2 goliath frogs
  3 orb spiders
  3 spriggan druids (Swamp:2)
  A lindwurm (Lair:6)
  3 steelbarb worms
  2 bog bodies (Swamp:1)
  2 necromancers (D:15)
  A harpy (shapeshifter) (D:13)
  2 wizards (D:14)
  3 will-o-the-wisps
  3 ugly things
  4 moths of wrath
  5 wolf spiders
  4 cyclopes
  2 manticores
  8 slime creatures
  2 black mambas
  7 elephants (Lair:6)
  Joseph (D:9)
  9 torpor snails
  12 cane toads
  An unseen horror (D:12)
  A kobold demonologist (D:13)
  15 komodo dragons
  3 rime drakes
  4 demonic crawlers
  2 minotaur zombies (Gauntlet)
  A tengu conjurer (D:15)
  5 trolls
  5 tyrant leeches
  12 meliai
  A queen bee (D:12)
  11 polar bears
  13 hornets
  5 raiju (Lair:6)
  23 blink frogs
  A dream sheep (Lair:6)
  18 tarantellas
  5 spriggans
  11 culicivoras
  21 jumping spiders
  A yak (shapeshifter) (D:15)
  43 yaks
  A fire bat (Gauntlet)
  2 wraiths (D:12)
  4 wyverns
  3 basilisks
  14 vampire mosquitoes
  2 steam dragons
  2 death yak simulacra (D:12)
  18 redbacks
  An acid dragon (D:12)
  8 swamp worms
  7 wargs
  21 water moccasins
  12 hell hounds (Lair:6)
  2 ice beasts (D:6)
  6 orc warriors
  2 sky beasts
  19 black bears
  A hornet zombie (D:8)
  3 ogres (D:6)
  A necrophage (D:9)
  13 centaurs
  An ogre (shapeshifter) (D:12)
  29 wolves
  2 phantoms (D:5)
  17 bullfrogs
  Blork the orc (D:5)
  A wyvern zombie (D:6)
  A cane toad simulacrum (D:12)
  3 scorpions
  A water moccasin skeleton (D:5)
  26 killer bees
  5 wights (D:10)
  3 howler monkeys
  7 centaur zombies
  6 hounds
  3 centaur skeletons
  8 orc priests
  10 jellies
  5 iguanas
  16 orc wizards
  10 hell rats
  A spriggan simulacrum (D:12)
  A troll simulacrum (D:12)
  A polar bear simulacrum (D:12)
  A wolf simulacrum (D:12)
  A killer bee zombie (D:4)
  A hound zombie (D:5)
  2 mummies
  A hound skeleton (D:4)
  2 howler monkey zombies
  6 river rats
  10 adders
  A naga simulacrum (D:12)
  An ufetubus (D:7)
  2 worms
  4 dart slugs
  31 orcs
  7 bats
  11 endoplasms
  10 giant cockroaches
  15 goblins
  7 hobgoblins
  2 jackals (D:3)
  10 quokkas
  12 ball pythons
  5 frilled lizards
  3 kobolds (D:3)
  14 rats
819 creatures vanquished.

Vanquished Creatures (others)
  A cane toad (Lair:1)
  An orc (D:9)
  17 foxfires
  58 fungi
  83 plants
160 creatures vanquished.

Grand Total: 979 creatures vanquished

Notes
Turn   | Place    | Note
-------+----------+-------------------------------------------
     0 | D:1      | tilp the Felid Ice Elementalist began the quest for the
                  | Orb.
     0 | D:1      | Reached XP level 1. HP: 7/7 MP: 4/4
   155 | D:1      | Reached XP level 2. HP: 7/11 MP: 0/6
   299 | D:1      | Reached skill level 4 in Ice Magic
   606 | D:1      | Got Gineb's Collected Works on Cloudy Heat
  1051 | D:1      | Reached XP level 3. HP: 14/14 MP: 4/7
  1098 | D:1      | Learned a level 3 spell: Frozen Ramparts
  2500 | D:3      | Found a glowing drain.
  2542 | D:3      | Reached XP level 4. HP: 18/18 MP: 1/9
  2629 | Sewer    | Entered a sewer
  3183 | Sewer    | Reached skill level 5 in Ice Magic
  3187 | Sewer    | Learned a level 3 spell: Ozocubu's Armour
  3294 | Sewer    | Found a viscous altar of Jiyva.
  3300 | Sewer    | Reached XP level 5. HP: 9/21 MP: 4/10
  3631 | Sewer    | Reached skill level 6 in Ice Magic
  4194 | D:3      | Gained mutation: You are covered in thick fur. (AC +2)
                  | [Felid growth]
  4194 | D:3      | Reached XP level 6. HP: 25/25 MP: 2/11
  4861 | D:4      | Reached skill level 1 in Fighting
  4861 | D:4      | Reached skill level 1 in Unarmed Combat
  5493 | D:4      | Found an opulent altar of Gozag.
  5822 | D:5      | Entered Level 5 of the Dungeon
  5865 | D:5      | Reached XP level 7. HP: 25/30 MP: 10/12
  6064 | D:5      | Reached skill level 5 in Stealth
  6637 | D:5      | Learned a level 4 spell: Hailstorm
  6751 | D:5      | Reached skill level 1 in Evocations
  6751 | D:5      | Reached XP level 8. HP: 30/33 MP: 0/13
  7306 | D:5      | Reached skill level 1 in Conjurations
  7747 | D:5      | Noticed Blork the orc
  7755 | D:5      | Killed Blork the orc
  8755 | D:6      | Found a shimmering blue altar of Sif Muna.
  9064 | D:6      | Became a worshipper of Sif Muna the Loreminder
  9312 | D:6      | Reached skill level 7 in Ice Magic
  9321 | D:6      | Reached XP level 9. HP: 36/36 MP: 4/16
  9534 | D:6      | Found a basalt altar of Yredelemnul.
  9921 | D:6      | Reached skill level 5 in Spellcasting
 10542 | D:7      | Found a staircase to the Ecumenical Temple.
 10597 | D:7      | Reached skill level 8 in Ice Magic
 10610 | D:7      | Reached * piety under Sif Muna
 11416 | D:8      | Reached skill level 5 in Dodging
 11615 | D:8      | Noticed Harold
 11740 | D:8      | Reached skill level 5 in Unarmed Combat
 11949 | D:8      | Found a hazy altar of Hepliaklqana.
 12176 | D:8      | Found a blossoming altar of Fedhas.
 12309 | D:9      | Found a sparkling altar of Nemelex Xobeh.
 12344 | D:9      | Reached XP level 10. HP: 27/42 MP: 9/18
 12682 | D:9      | Noticed Joseph
 12686 | D:9      | Learned a level 1 spell: Apportation
 12720 | D:9      | Found Oda Pat's General Store.
 12737 | D:9      | Found a broken altar of Ashenzari.
 12769 | D:9      | Bought a scroll of identify for 28 gold pieces
 12769 | D:9      | Bought a scroll of identify for 28 gold pieces
 12769 | D:9      | Bought a scroll of identify for 28 gold pieces
 12976 | D:9      | Noticed a two-headed ogre
 13193 | D:9      | Reached ** piety under Sif Muna
 13273 | D:9      | Noticed a manticore
 13422 | D:9      | Found a staircase to the Lair.
 13434 | D:9      | Killed Joseph
 13678 | D:9      | Reached skill level 5 in Fighting
 14228 | D:10     | Entered Level 10 of the Dungeon
 14228 | D:10     | Found an ancient bone altar of Kikubaaqudgha.
 14297 | D:9      | Reached skill level 1 in Invocations
 15461 | D:10     | Found a shadowy altar of Dithmenos.
 15694 | D:10     | Found a snail-covered altar of Cheibriados.
 15694 | D:10     | Found a radiant altar of Vehumet.
 15776 | D:10     | Found a white marble altar of Elyvilon.
 15909 | D:10     | Found a glowing golden altar of the Shining One.
 16018 | D:10     | Found an ornate altar of the Wu Jian Council.
 16722 | D:11     | Noticed a two-headed ogre
 16982 | D:11     | Noticed an eight-headed hydra
 17010 | D:11     | Noticed a cyclops
 17197 | D:11     | Noticed a centaur warrior
 17207 | D:11     | Killed a centaur warrior
 17208 | D:11     | Reached skill level 5 in Conjurations
 17208 | D:11     | Reached XP level 11. HP: 26/48 MP: 11/20
 17387 | D:11     | Killed a two-headed ogre
 17387 | D:11     | Reached *** piety under Sif Muna
 17854 | D:11     | Noticed a six-headed hydra
 18288 | D:10     | Learned a level 5 spell: Freezing Cloud
 18310 | Lair:1   | Entered Level 1 of the Lair of Beasts
 18480 | D:9      | Reached skill level 1 in Air Magic
 18630 | D:9      | Reached skill level 9 in Ice Magic
 20453 | Lair:1   | Noticed Erica
 20466 | Lair:1   | Killed Erica
 20572 | Lair:1   | Noticed a six-headed hydra
 20579 | Lair:1   | Killed a six-headed hydra
 20883 | Lair:1   | Reached skill level 10 in Ice Magic
 20883 | Lair:1   | Gained mutation: Your thick and shaggy fur keeps you warm.
                  | (AC +3, rC+) [Felid growth]
 20883 | Lair:1   | Reached XP level 12. HP: 52/52 MP: 21/23
 21181 | Lair:2   | Reached **** piety under Sif Muna
 21953 | Lair:2   | Noticed an eight-headed hydra
 22685 | Lair:2   | Found a staircase to the Swamp.
 22685 | Lair:2   | You are sucked into a shaft and drop 1 floor!
 23336 | Lair:3   | Noticed an eight-headed hydra
 23343 | Lair:3   | Killed an eight-headed hydra
 23485 | Lair:3   | Reached skill level 5 in Evocations
 23492 | Lair:3   | Reached skill level 5 in Invocations
 23696 | Lair:3   | Noticed a catoblepas
 23743 | Lair:3   | Killed a catoblepas
 24125 | Lair:3   | Found a runed translucent gate.
 24125 | Lair:3   | Found a runed translucent gate.
 24125 | Lair:3   | Found a runed translucent gate.
 24346 | Lair:3   | Noticed an 11-headed hydra
 24346 | Lair:3   | Noticed a ten-headed hydra
 24347 | Lair:3   | Noticed Pukecob's ghost (journeyman DECj)
 25192 | Lair:4   | Reached ***** piety under Sif Muna
 25554 | Lair:4   | Found a hole to the Spider Nest.
 25923 | Lair:4   | Received a gift from Sif Muna
 25926 | Lair:4   | Reached XP level 13. HP: 40/57 MP: 14/24
 26013 | Lair:4   | Got Sif Muna's Collected Works on Shape Shifting {god gift}
 26412 | Lair:5   | Reached skill level 10 in Stealth
 29106 | Lair:5   | Found a staircase to the Slime Pits.
 30141 | Lair:6   | Entered Level 6 of the Lair of Beasts
 30557 | Lair:5   | HP: 2/59 [death yak (24)]
 30877 | Lair:5   | Reached skill level 10 in Dodging
 31486 | Lair:6   | Reached XP level 14. HP: 63/63 MP: 12/25
 31612 | Lair:6   | Learned a level 4 spell: Iskenderun's Mystic Blast
 31721 | Lair:6   | Found a runed translucent door.
 32882 | Lair:6   | Received a gift from Sif Muna
 32885 | Lair:6   | Reached skill level 10 in Fighting
 32923 | Lair:6   | Reached skill level 1 in Translocations
 34792 | Lair:6   | Received a gift from Sif Muna
 34820 | Lair:6   | Got Azaellaj's Incunabulum of the Flying Escort {god gift}
 35294 | Lair:6   | Reached skill level 5 in Air Magic
 36275 | D:9      | Reached skill level 5 in Translocations
 36294 | D:9      | Found a staircase to the Orcish Mines.
 36565 | D:11     | HP: 3/66 [eight-headed hydra (11)]
 36977 | D:12     | You are sucked into a shaft and drop 1 floor!
 37722 | D:12     | Received a gift from Sif Muna
 37795 | D:12     | Got Sif Muna's Volume of Ignition and Lightness {god gift}
 39431 | D:13     | Reached XP level 15. HP: 69/69 MP: 17/28
 41521 | D:13     | Reached skill level 11 in Ice Magic
 43045 | D:14     | Noticed Rupert
 43145 | D:14     | Killed Rupert
 43492 | D:14     | Identified the +8 spear of Stickiness {venom, rElec Stlth+}
 44104 | D:14     | HP: 2/69 [skeletal warrior[a skeletal warrior] (3)]
 44106 | D:14     | Demolished by a skeletal warrior
 44107 | D:14     | Reached XP level 14. HP: -17/66 MP: 18/27
 44148 | D:14     | Found a gate to the Vaults.
 44490 | D:15     | Entered Level 15 of the Dungeon
 44492 | D:15     | Found a stormy altar of Qazlal.
 44493 | D:15     | Found a gate leading to a gauntlet.
 44503 | Gauntlet | Entered a Gauntlet
 44503 | Gauntlet | Found a transporter.
 44503 | Gauntlet | Found a transporter.
 44512 | Gauntlet | Found a transporter.
 44515 | Gauntlet | Found a transporter.
 44523 | Gauntlet | Found a transporter.
 44527 | Gauntlet | Found a transporter.
 44540 | Gauntlet | Found a transporter.
 44552 | Gauntlet | Found a transporter.
 44566 | Gauntlet | Found a transporter.
 44570 | Gauntlet | Found a transporter.
 44578 | Gauntlet | Found a transporter.
 44582 | Gauntlet | Found a transporter.
 45233 | Gauntlet | Identified the +5 mace of Okhopiaso {antimagic, *Noise rF+
                  | Str+4 Dex+2}
 45233 | Gauntlet | Identified the +1 chain mail of the Vacuum {Str+4 SInv}
 45612 | Gauntlet | Identified the +5 hand axe "Taobrytzon" {speed, rPois Will-
                  | rCorr Int+8}
 46455 | D:15     | Found a staircase to the Depths.
 46536 | D:15     | Reached skill level 10 in Conjurations
 46925 | D:15     | Noticed a ghost moth
 46931 | D:15     | Killed a ghost moth
 47649 | Lair:2   | Learned a level 5 spell: Metabolic Englaciation
 47789 | Lair:3   | Killed Pukecob's ghost
 48067 | D:8      | Killed Harold
 48068 | D:8      | Reached skill level 12 in Ice Magic
 48334 | Spider:1 | Entered Level 1 of the Spider Nest
 48340 | Spider:1 | Noticed a ghost moth
 48352 | Spider:1 | Killed a ghost moth
 48839 | Spider:1 | Reached XP level 15. HP: 69/69 MP: 11/29
 48960 | Spider:1 | Noticed Nikola
 48974 | Spider:1 | Killed Nikola
 50294 | Spider:2 | Received a gift from Sif Muna
 50295 | Spider:2 | Reached skill level 1 in Hexes
 50469 | Spider:2 | Got Sif Muna's Catalogue of Doomed Weightlessness {god
                  | gift}
 52019 | Spider:2 | HP: 3/69 [wolf spider (6)]
 52907 | Spider:2 | Reached skill level 13 in Ice Magic
 53274 | Spider:2 | Noticed an emperor scorpion
 53287 | Spider:2 | Killed an emperor scorpion
 53685 | Spider:3 | Noticed Agnes
 54479 | Swamp:1  | Entered Level 1 of the Swamp
 54479 | Swamp:1  | Noticed Frances
 54492 | Swamp:1  | Killed Frances
 54504 | Swamp:1  | Reached skill level 14 in Ice Magic
 54945 | Swamp:1  | Noticed a fenstrider witch
 54958 | Swamp:1  | Killed a fenstrider witch
 56372 | Swamp:2  | Killed from afar by a will-o-the-wisp
 56373 | Swamp:2  | Reached XP level 14. HP: -6/66 MP: 2/37
 56695 | Swamp:2  | Reached XP level 15. HP: 69/69 MP: 29/29
 57238 | Swamp:2  | Reached skill level 15 in Ice Magic
 57811 | Swamp:2  | Killed from afar by an eleionoma

Illustrated notes

Levels and vault maps discovered:
D:1:      kilobyte_arrival_exit_the_forest, layout_loops_corners
D:2:      layout_loops_ring, minmay_misc_feat_alley, kennysheep_generic_room_15
D:3:      layout_rooms, serial_rivers, chequers_serial_rivers_micro_b,
          chequers_serial_rivers_micro_b, chequers_serial_rivers_large_a,
          chequers_serial_rivers_small_b, chequers_serial_rivers_small_3,
          gup_sewer_entry_glass
D:4:      layout_cave_pools, nicolae_gozag_cash_rules_everything_around_me
D:5:      lemuel_ratsnest, layout_basic, serial_co_window_serial,
          co_window_paths_a, co_window_paths_b, co_window_paths_a,
          co_window_paths_a, co_window_paths_b, co_window_corner_a,
          co_window_corner_a, co_window_cross_3, co_window_corner_b,
          co_window_of_opportunity_b, co_window_corner_cb, co_window_4corner_b,
          glass_columns_c, glass_columns_b, glass_columns_c, glass_columns_b,
          uniq_blork_the_orc
D:6:      layout_loops_ring, amcnicky_altar_gilded,
          lemuel_zombie_altar_yredelemnul, minmay_ogre_servants
D:7:      layout_basic, minmay_temple_entry_mist, wad_floor_pattern_untrapped
D:8:      layout_gridville, mainiacjoe_overflow_six_doors_small,
          fedhas_ov_isle_minmay, minmay_misc_feat_plants, kennysheep_donut,
          uniq_harold
D:9:      layout_long_grid, general_overflow_altar, kennysheep_mini,
          erik_lair_orcish_takeover, orc_0_dummy, serial_shops,
          nicolae_shop_window_shopping, uniq_joseph
D:10:     layout_cave_pools, mainiacjoe_overflow_tiny_flanked,
          lemuel_crystal_altar, nicolae_wu_jian_glorious_leap,
          mainiacjoe_overflow_24_doors, mainiacjoe_overflow_small_starburst,
          gammafunk_temple_overflow_pools, serial_undead, serial_undead_d,
          serial_undead_c, serial_undead_d, serial_undead_e,
          grunt_decor_one_mirror
D:11:     layout_cave_pods
D:12:     layout_roguey [special_room_bee], portal_ice_cave_entry_ice_simulacra,
          nzn_sisyphean_effort
D:13:     layout_cave_pools, minivault_25_ag
D:14:     layout_irregular_city, david_vaults_5, minivault_23, uniq_rupert
D:15:     hangedman_depths_entry_civil_slaughter, layout_rooms,
          grunt_qazlal_clouds, gauntlet_entry_generic
Lair:1:   beast_lair_carwin_large_1, layout_cave_pods, lemuel_fruit_fields,
          uniq_erica
Lair:2:   layout_cave_pods, swamp_mist, beast_lair_carwin_10
Lair:3:   layout_small_grid, gammafunk_ghost_hydra_chop
Lair:4:   layout_concentric_octagons, nicolae_spider_entry_tight_spaces,
          minmay_holes, lemuel_fruit_fields
Lair:5:   layout_regular_city, minmay_slime_entry_pillars, serial_bayou_shore_a,
          infiniplex_staircase_pool_2
Lair:6:   wormcave, layout_gridlike, hangedman_lair_caniforms_friends,
          lemuel_fruit_tree, grunt_megastairs_2
Swamp:1:  layout_falls_marsh, wheals_swamp_sinkhole, swamp_pool2, uniq_frances
Swamp:2:  layout_falls_marsh, hangedman_swamp_ruin_wall, swamp_pool1,
          infiniplex_staircase_pool
Swamp:3:  layout_falls_marsh, evilmike_swamp_ruin_house_4, worms_lemuel,
          uniq_mlioglotl
Spider:1: layout_cave_pods, uniq_nikola
Spider:2: layout_chambers
Spider:3: layout_spider_delve, uniq_agnes

Skill      XL: |  1  2  3  4  5  6  7  8  9 10 11 12 13 14 15 |
---------------+----------------------------------------------+-----
Ice Magic      | 4 5 6 7 8 10 12 15 | 15.0
Spellcasting   | 3 4 5 7 9 |  9.0
Stealth        | 3 4 6 7 8 9 11 12 | 12.0
Dodging        | 4 5 6 8 10 | 10.0
Fighting       | 2 3 6 7 8 10 | 10.0
Unarmed Combat | 2 4 5 6 7 8 |  8.0
Evocations     | 1 4 6 8 |  8.0
Conjurations   | 3 4 5 7 8 11 12 | 12.0
Invocations    | 4 5 7 8 |  8.0
Air Magic      | 4 5 6 |  6.0
Translocations | 8 7 |  8.0
Hexes          | 4 |  4.0

Action                   |  1- 3 |  4- 6 |  7- 9 | 10-12 | 13-15 || total
-------------------------+-------+-------+-------+-------+-------++-------
Melee: Unarmed           |    21 |    58 |   204 |   269 |   446 ||   998
       Bite              |       |     8 |    38 |    42 |    66 ||   154
       Punch             |       |       |    12 |    12 |    22 ||    46
 Cast: Freeze            |    42 |    51 |    67 |    93 |   110 ||   363
       Frozen Ramparts   |     2 |    19 |    33 |    59 |    97 ||   210
       Ozocubu's Armour  |       |     7 |    32 |    59 |   144 ||   242
       Hailstorm         |       |       |     8 |    87 |   285 ||   380
       Apportation       |       |       |       |     7 |       ||     7
       Freezing Cloud    |       |       |       |     8 |   145 ||   153
       Iskenderun's Myst |       |       |       |       |   176 ||   176
       Metabolic Englaci |       |       |       |       |     2 ||     2
Invok: Channel Magic     |       |       |     1 |       |    20 ||    21
Evoke: Wand              |       |       |     1 |    10 |     7 ||    18
       Condenser vane    |       |       |       |       |     2 ||     2
       Phial of floods   |       |       |       |       |     1 ||     1
  Use: Scroll            |     6 |     4 |     7 |     8 |     8 ||    33
       Potion            |       |     1 |       |     5 |     3 ||     9
 Stab: Sleeping          |    15 |     8 |     7 |    12 |    21 ||    63
       Distracted        |       |       |       |       |     2 ||     2
       Paralysed         |       |       |       |       |     2 ||     2
Armor: Skin              |     1 |    16 |    54 |    68 |   102 ||   241
Dodge: Dodged            |    37 |    88 |   283 |   457 |   954 ||  1819

Table legend: (Time is in decaauts)
 A = Elapsed time spent in this place.
 B = Non-inter-level travel time spent in this place.
 C = Inter-level travel time spent in this place.
 D = Time resting spent in this place.
 E = Time spent auto-exploring this place.
 F = Levels seen in this place.
 G = Mean time per level.
                   A        B        C        D        E       F      G
               +--------+--------+--------+--------+--------+-----+--------+
         Total |  53723 |  50993 |   2730 |  24926 |  18728 |  29 | 1852.5 |
       Dungeon |  25998 |  24919 |   1079 |  10577 |  11194 |  15 | 1733.2 |
          Lair |  16985 |  15908 |   1077 |   7652 |   6228 |   6 | 2830.8 |
         Swamp |   3148 |   2946 |    202 |   2022 |    215 |   3 | 1049.3 |
   Spider Nest |   5328 |   4958 |    370 |   3152 |    724 |   3 | 1776.0 |
         Sewer |   1056 |   1056 |      0 |    647 |    287 |   1 | 1056.0 |
      Gauntlet |   1206 |   1206 |      0 |    875 |     78 |   1 | 1206.0 |
               +--------+--------+--------+--------+--------+-----+--------+

Top non-repeatable levels by time:
  Lair:6: 4625 daAuts
    D:12: 3789 daAuts
  Lair:4: 3446 daAuts
     D:9: 3387 daAuts
Spider:2: 3291 daAuts
  Lair:5: 3158 daAuts
    D:14: 2505 daAuts
     D:5: 2470 daAuts
  Lair:1: 2252 daAuts
    D:11: 2087 daAuts
Spider:1: 2017 daAuts
 Swamp:1: 1980 daAuts
     D:6: 1851 daAuts
  Lair:2: 1839 daAuts
  Lair:3: 1663 daAuts
